 Dungeon Sprint DCSS version 0.22.1-1-ga44c0e56f4 (webtiles) character file.

135 MuseOD the Covert (level 4, -3/25 HPs)
             Began as a Spriggan Enchanter on Sept 23, 2018.
             Was an Initiate of Dithmenos.
             Splashed by an oklob sapling wizard's acid (9 damage)
             ... in the Dungeon (Sprint IV: "Fedhas' Mad Dash").
             The game lasted 00:00:44 (338 turns).

MuseOD the Covert (Spriggan Enchanter)               Turns: 338, Time: 00:00:44

Health: -3/25      AC:  2    Str:  4    XL:     4   Next: 97%
Magic:  9/9        EV: 18    Int: 17    God:    Dithmenos [......]
Gold:   101        SH:  0    Dex: 16    Spells: 2/8 levels left

rFire    . . .     SeeInvis +   a - +1 dagger
rCold    . . .     Gourm    .   (shield restricted)
rNeg     . . .     Faith    .   b - +0 robe
rPois    .         Spirit   .   (helmet restricted)
rElec    .         Reflect  .   (no cloak)
rCorr    .         Harm     .   (gloves unavailable)
MR       .....     NoTele   +   (boots unavailable)
Stlth    ++++......             (no amulet)
HPRegen  0.08/turn              (no ring)
MPRegen  0.11/turn              (no ring)

@: very quick
A: very small, unfitting armour, see invisible, herbivore, speed 3, slow
metabolism 2
a: Renounce Religion


You were in the Dungeon.
You worshipped Dithmenos.
Dithmenos was noncommittal.
You were not hungry.

You visited 1 branch You collected 101 gold pieces.

Inventory:

Hand Weapons
 a - a +1 dagger (weapon)
Armour
 b - a +0 robe (worn)
Jewellery
 c - the amulet of invisibility {+Inv}
   (You found it in the Dungeon)

   [amulet of nothing]

   It lets you turn invisible.
Scrolls
 j - a scroll of blinking
Potions
 e - a potion of curing
 f - a potion of heal wounds
 g - a potion of haste
 h - 2 potions of magic
Comestibles
 d - a ration


   Skills:
 + Level 3.9 Fighting
 * Level 7.7 Short Blades
 - Level 3.0 Dodging
 + Level 8.9 Stealth
 - Level 2.6 Spellcasting
 - Level 3.6 Hexes


You had 2 spell levels left.
You knew the following spells:

 Your Spells              Type           Power        Failure   Level  Hunger
a - Corona                Hex            ##.....      4%          1    #......
b - Ensorcelled Hibernat  Hex/Ice        #.....       13%         2    ##.....
c - Confuse               Hex            ##......     12%         3    ###....

Your spell library contained the following spells:

 Spells                   Type           Power        Failure   Level  Hunger
 Tukima's Dance           Hex            ##......     12%         3    ###....
 Dazzling Spray           Conj/Hex       #.....       26%         3    ###....


Dungeon Overview and Level Annotations

Branches:
Dungeon (1/1)

Altars:
Cheibriados
Dithmenos
Elyvilon
Gozag
Hepliaklqana
Kikubaaqudgha
Makhleb
Nemelex Xobeh
Okawaru
Qazlal
Ru
Sif Muna
Trog
Uskayaw
Vehumet
Wu Jian
Xom
Yredelemnul
Zin
The Shining One
Beogh
Jiyva
Lugonu

Annotations:
D exclusion: oklob sapling


Innate Abilities, Weirdness & Mutations

You are very small and have problems with some larger weapons.
You are too small for most types of armour.
You have supernaturally acute eyesight. (SInv)
You are a herbivore.
You cover ground extremely quickly.
You need to consume almost no food.


Message History

There is a shadowy altar of Dithmenos here.
You kneel at the altar of Dithmenos.
Dithmenos welcomes you!
You start resting.
Magic restored.
There is an ancient bone altar of Kikubaaqudgha here.
There is a stormy altar of Qazlal here.
There is a radiant altar of Vehumet here.
You open the door.
Marking area around the oklob sapling wizard as unsafe for travelling.
An oklob sapling wizard comes into view.
Found 17 gold pieces.
Found a club.
There is an open door here.
The oklob sapling wizard spits acid at you.
The splash of acid hits you!
Ouch! That really hurt!
* * * LOW HITPOINT WARNING * * *
You are splashed with acid!
The acid burns!
You die...

#####################
...#.⌠._._._._.⌠.#.$+
...'.._._._._._..'.P#
...#..._._._._..@#..#
#'##.._._._._._..#.)#
...#._._._._._.⌠.####
...###############
####


You could see an oklob sapling wizard.

Vanquished Creatures
  3 oklob saplings (D)
  A worker ant (D)
  A river rat (D)
  A rat (D)
6 creatures vanquished.

Notes
Turn   | Place    | Note
-------+----------+-------------------------------------------
     0 | D        | MuseOD the Spriggan Enchanter began the quest for the Orb.
     0 | D        | Reached XP level 1. HP: 9/9 MP: 5/5
    13 | D        | Reached skill level 1 in Fighting
    13 | D        | Reached skill level 5 in Stealth
    13 | D        | Reached XP level 2. HP: 6/14 MP: 6/6
   253 | D        | Learned a level 2 spell: Ensorcelled Hibernation
   256 | D        | Noticed an oklob sapling
   257 | D        | Killed an oklob sapling
   257 | D        | Reached skill level 6 in Stealth
   257 | D        | Reached XP level 3. HP: 18/18 MP: 8/8
   262 | D        | Learned a level 3 spell: Confuse
   264 | D        | Found the amulet of invisibility {+Inv}
   265 | D        | Reached skill level 5 in Short Blades
   265 | D        | Reached skill level 7 in Stealth
   281 | D        | Noticed an oklob sapling
   284 | D        | Killed an oklob sapling
   284 | D        | Reached XP level 4. HP: 24/24 MP: 9/9
   293 | D        | Found an opulent altar of Gozag.
   293 | D        | Found a hazy altar of Hepliaklqana.
   293 | D        | Found a roughly hewn altar of Beogh.
   293 | D        | Found a snail-covered altar of Cheibriados.
   294 | D        | Found a viscous altar of Jiyva.
   294 | D        | Found a burning altar of Makhleb.
   294 | D        | Found a sparkling altar of Nemelex Xobeh.
   294 | D        | Found a sacrificial altar of Ru.
   294 | D        | Found a deep blue altar of Sif Muna.
   294 | D        | Found a bloodstained altar of Trog.
   294 | D        | Found an ornate altar of the Wu Jian Council.
   294 | D        | Found a shimmering altar of Xom.
   294 | D        | Found a basalt altar of Yredelemnul.
   295 | D        | Found an iron altar of Okawaru.
   295 | D        | Found a glowing silver altar of Zin.
   295 | D        | Found a shadowy altar of Dithmenos.
   296 | D        | Found an ancient bone altar of Kikubaaqudgha.
   296 | D        | Found a hide-covered altar of Uskayaw.
   297 | D        | Found a stormy altar of Qazlal.
   297 | D        | Found a glowing golden altar of the Shining One.
   297 | D        | Found a white marble altar of Elyvilon.
   298 | D        | Found a corrupted altar of Lugonu.
   298 | D        | Found a radiant altar of Vehumet.
   306 | D        | Reached skill level 8 in Stealth
   311 | D        | Became a worshipper of Dithmenos the Shadowed
   338 | D        | Splashed by an oklob sapling wizard's acid

Skill      XL: |  1  2  3  4 |
---------------+-------------+-----
Fighting       | 1 2 3 |  3.9
Short Blades   | 3 4 6 7 |  7.7
Stealth        | 5 6 7 8 |  8.9
Dodging        | |  3.0
Spellcasting   | |  2.6
Hexes          | |  3.6

Action                   |  1- 3 |  4- 6 || total
-------------------------+-------+-------++-------
Melee: Dagger            |    13 |     5 ||    18
 Cast: Confuse           |       |     1 ||     1
  Use: Potion            |     1 |       ||     1
 Stab: Sleeping          |     3 |       ||     3
       Confused          |       |     1 ||     1
Dodge: Dodged            |     5 |       ||     5
